 Dungeon Crawl Stone Soup version 0.31-a0-1101-g9ad1905e61 (webtiles) character file.

Game seed: 7787116779815920025

849 Dirtsage the Changeling (level 8, -4/52 HPs)
             Began as an Octopode Shapeshifter on Dec 1, 2023.
             Slain by an orc warrior
             ... wielding a +0 glaive
              (14 damage)
             ... on level 6 of the Dungeon.
             The game lasted 00:12:03 (3651 turns).

Dirtsage the Changeling (Octopode Shapeshifter)     Turns: 3651, Time: 00:12:03

Health: -4/52      AC:  1    Str: 13    XL:     8   Next: 1%
Magic:  10/10      EV: 13    Int: 13    God:
Gold:   240        SH:  0    Dex: 13    Spells: 6/9 levels left

rFire   . .          .
                       - Unarmed
rCold   . . .        (no shield)
rNeg    . . .        (helmet currently unavailable)
rPois   .            (no amulet)
rElec   .            (no ring)
rCorr   .            (no ring)
SInv    .            (no ring)
Will    .....        (no ring)
Stlth   ++           (no ring)
HPRegen 0.28/turn    (no ring)
MPRegen 0.12/turn    (no ring)
                     (no ring)

%: no passive effects
@: beast-form
A: beast (slay +3), almost no armour, amphibious, 8 rings, camouflage 1,
gelatinous body 1, (nimble swimmer 1), tentacles
a: Begin Untransformation


You were on level 6 of the Dungeon.
You were a hulking beast.
You visited 1 branch of the dungeon, and saw 6 of its levels.

You collected 240 gold pieces.

Inventory:

Talismans
 b - a beast talisman
 c - a flux talisman
Scrolls
 e - a scroll of noise {unknown}
 h - a scroll of torment
 j - 4 scrolls of teleportation {unknown}
 k - a scroll of enchant weapon {unknown}
 l - a scroll of poison {unknown}
 r - a scroll of vulnerability
 t - a scroll of brand weapon {unknown}
 w - a scroll of fog
Potions
 a - 2 potions of lignification
 d - 2 potions of degeneration {unknown}
 f - a potion of enlightenment {unknown}
 i - a potion of mutation {unknown}
 m - 2 potions of heal wounds {unknown}
 n - a potion of haste {unknown}
 o - a potion of attraction {unknown}
 p - 2 potions of might {unknown}
 q - 2 potions of curing
 s - a potion of resistance {unknown}
 u - a potion of berserk rage {unknown}
 v - 2 potions of magic {unknown}


   Skills:
 + Level 3.5 Fighting
 - Level 2.0 Dodging
 + Level 4.5 Unarmed Combat
 + Level 1.3 Spellcasting
 + Level 1.9 Transmutations
 + Level 1.8 Fire Magic
 + Level 2.5 Ice Magic
 + Level 2.2 Poison Magic
 * Level 5.4 Shapeshifting


You had 6 spell levels left.
You knew the following spells:

 Your Spells              Type           Power      Damage    Failure   Level
A - Ozocubu's Armour      Ice            7%         N/A       28%         3

Your spell library contained the following spells:

 Spells                   Type           Power      Damage    Failure   Level
 Sting                    Tmut/Pois      24%        1d4       12%         1
 Poisonous Vapours        Pois/Air       6%         N/A       26%         2
 Cigotuvi's Dreadful Rot  Necr/Pois/Air  4%         N/A       30%         2
 Ignite Poison            Fire/Tmut/Pois 6%         N/A       36%         3
 Inner Flame              Hex/Fire       3%         N/A       50%         3
 Olgreb's Toxic Radiance  Pois           6%         N/A       73%         4
 Flame Wave               Conj/Fire      3%         2d5       88%         4
 Sticky Flame             Conj/Fire      3%         2d3       88%         4
 Manifold Assault         Tloc           0%         N/A       95%         4
 Freezing Cloud           Conj/Ice/Air   1%         6-21      99%         5
 Metabolic Englaciation   Hex/Ice        2%         N/A       99%         5
 Dispersal                Tloc           0%         N/A       100%        6
 Simulacrum               Ice/Necr       2%         N/A       100%        6
 Disjunction              Tloc           0%         N/A       100%        8


Dungeon Overview and Level Annotations

Branches:
Dungeon (6/15)
 Temple: D:4-7

Altars:
Cheibriados
Hepliaklqana

Shops:
D:3 :


Innate Abilities, Weirdness & Mutations

You are a hulking beast.
Your limbs bulge with bestial killing power. (Slay +3)
You cannot wear most types of armour.
You are amphibious.
You can wear up to eight rings at the same time.
Your skin changes colour to match your surroundings (Stealth+).
Your rubbery body absorbs attacks. (AC +1, EV +1)
((You are camouflaged when in or above water. (Stealth+)))
You have tentacles for arms and can constrict up to eight enemies at once.


Message History

MP restored: 10 You start resting.
HP restored.
Health restored: 52
Found a stone staircase leading down and a stone staircase leading up.
An orc is nearby!
The orc warrior barely misses you.
You barely miss the orc warrior.
The orc shouts!
You grab the orc warrior. You constrict the orc warrior.
The orc warrior hits you with a +0 glaive.
The orc completely misses you.
You take 6 damage, and have 46/52 hp.
You tentacle-slap the orc warrior.
You squeeze the orc warrior, but do no damage.
The orc warrior is moderately wounded.
You constrict the orc warrior, but do no damage.
The orc warrior hits you with a +0 glaive!
You take 7 damage, and have 39/52 hp.
You tentacle-slap the orc warrior but do no damage.
You squeeze the orc warrior, but do no damage.
The orc warrior is moderately wounded.
You constrict the orc warrior, but do no damage.
The orc warrior hits you with a +0 glaive!
The orc hits you with a +0 whip.
You take 21 damage, and have 18/52 hp.
MASSIVE DAMAGE!!
You bludgeon the orc warrior! You squeeze the orc warrior.
The orc warrior is severely wounded.
You constrict the orc warrior.
The orc warrior hits you with a +0 glaive.
The orc closely misses you. x2
You take 1 damage, and have 17/52 hp.
You tentacle-slap the orc warrior but do no damage.
You squeeze the orc warrior.
The orc warrior is almost dead.
You constrict the orc warrior, but do no damage.
The orc hits you with a +0 hand axe!
* * * LOW HITPOINT WARNING * * *
The orc warrior hits you with a +0 glaive!
You die...

# #.# ##.. #.# #..
########.# ###..# .
#......... ....# .#
##.######. #..# .#
.......... #..# .#
##.####### #..# .#
##.###########.o##..#
.....>.<.......oho..#
##.###########.######
#.# #.# #.# #.#
#.###########.#
#.............#
###############


You could see an orc warrior and 2 orcs.

Vanquished Creatures
  Prince Ribbit (D:5)
  Sigmund (D:2)
  Duvessa (D:5)
  2 scorpions
  Dowan (D:5)
  An orc priest (D:6)
  A hound (D:5)
  Terence (D:3)
  An iguana (D:5)
  A gnoll (D:1)
  5 adders
  2 white imps (D:6)
  2 dart slugs (D:4)
  2 orcs
  13 ball pythons
  6 endoplasms
  7 goblins
  4 hobgoblins
  12 jackals
  A quokka (D:1)
  4 bats
  3 frilled lizards
  2 kobolds (D:4)
  3 rats
77 creatures vanquished.

Notes
Turn   | Place    | Note
-------+----------+-------------------------------------------
     0 | D:1      | Dirtsage the Octopode Shapeshifter began the quest for the
                  | Orb.
     0 | D:1      | Reached XP level 1. HP: 13/13 MP: 1/1
   137 | D:1      | Reached XP level 2. HP: 12/18 MP: 2/2
   293 | D:1      | Reached XP level 3. HP: 23/23 MP: 3/3
   675 | D:2      | Found a hazy altar of Hepliaklqana.
   904 | D:2      | Reached XP level 4. HP: 29/29 MP: 4/4
   973 | D:2      | Noticed Sigmund
   982 | D:2      | Killed Sigmund
   983 | D:2      | Reached skill level 1 in Ice Magic
   983 | D:2      | Reached skill level 4 in Shapeshifting
   983 | D:2      | Reached XP level 5. HP: 32/35 MP: 5/5
  1062 | D:2      | Learned a level 3 spell: Ozocubu's Armour
  1132 | D:2      | Reached XP level 6. HP: 41/41 MP: 6/6
  1321 | D:3      | Noticed Terence
  1586 | D:3      | Found Ecun Jia's Book Boutique.
  1681 | D:3      | Killed Terence
  1941 | D:3      | Found a snail-covered altar of Cheibriados.
  2640 | D:5      | Entered Level 5 of the Dungeon
  2795 | D:5      | Reached skill level 1 in Transmutations
  2795 | D:5      | Reached skill level 1 in Poison Magic
  2823 | D:5      | Noticed Dowan
  2824 | D:5      | Noticed Duvessa
  2930 | D:5      | Reached skill level 1 in Fire Magic
  2930 | D:5      | Reached XP level 7. HP: 38/46 MP: 7/7
  3050 | D:5      | Reached skill level 5 in Shapeshifting
  3177 | D:5      | Noticed Prince Ribbit
  3185 | D:5      | Killed Prince Ribbit
  3186 | D:5      | Reached skill level 1 in Spellcasting
  3226 | D:5      | Killed Duvessa
  3238 | D:5      | Killed Dowan
  3439 | D:6      | Reached XP level 8. HP: 6/52 MP: 8/10
  3651 | D:6      | Slain by an orc warrior

Illustrated notes

Levels and vault maps discovered:
D:1:      minmay_arrival_split_and_join, layout_rooms, serial_rivers,
          chequers_serial_rivers_small_3, chequers_serial_rivers_marsh,
          chequers_serial_rivers_micro_a, chequers_serial_rivers_micro_a
D:2:      layout_basic, basic_altar, st_stairs_3, minmay_misc_feat_four_crosses,
          reono_crystal_passage, serial_bayou_lake_a, uniq_sigmund
D:3:      layout_loops_ring, lemuel_doored_altar, serial_shops,
          nicolae_shop_behind_doors, kennysheep_small_spiral, uniq_terence
D:4:      layout_cave_pools, serial_shops, nicolae_shop_bloodbath_and_beyond
D:5:      layout_loops_ring, serial_shops, shop, uniq_duvessa,
          uniq_prince_ribbit1
D:6:      layout_loops_ring, uniq_pikel

Skill      XL: |  1  2  3  4  5  6  7 |
---------------+----------------------+-----
Fighting       | 2 3 |  3.5
Ice Magic      | 1 2 |  2.5
Shapeshifting  | 4 5 |  5.4
Unarmed Combat | 4 |  4.5
Transmutations | 1 |  1.9
Poison Magic   | 1 2 |  2.2
Fire Magic     | 1 |  1.8
Spellcasting   | 1 |  1.3
Dodging        | |  2.0

Action                     |  1- 3 |  4- 6 |  7- 9 || total
---------------------------+-------+-------+-------++-------
  Melee: Unarmed           |    55 |    85 |    32 ||   172
         Constrict         |    12 |    23 |     8 ||    43
         Tentacles         |     7 |    23 |    10 ||    40
         Punch             |     1 |     3 |     1 ||     5
   Cast: Ozocubu's Armour  |       |     1 |     1 ||     2
    Use: Scroll            |       |     4 |     1 ||     5
         Potion            |       |       |     2 ||     2
   Stab: Sleeping          |     9 |     5 |     1 ||    15
 Armour: Skin              |    19 |    38 |    24 ||    81
  Dodge: Dodged            |    30 |    45 |    14 ||    89

Table legend: (Time is in decaauts)
 A = Elapsed time spent in this place.
 B = Non-inter-level travel time spent in this place.
 C = Inter-level travel time spent in this place.
 D = Time resting spent in this place.
 E = Time spent auto-exploring this place.
 F = Levels seen in this place.
 G = Mean time per level.
                   A        B        C        D        E       F      G
               +--------+--------+--------+--------+--------+-----+--------+
         Total |   3637 |   3546 |     91 |    593 |   2338 |   6 |  606.2 |
       Dungeon |   3637 |   3546 |     91 |    593 |   2338 |   6 |  606.2 |
               +--------+--------+--------+--------+--------+-----+--------+

Top non-repeatable levels by time:
     D:3: 792 daAuts
     D:2: 676 daAuts
     D:1: 654 daAuts
     D:5: 597 daAuts
     D:4: 507 daAuts
     D:6: 409 daAuts
